 Dungeon Crawl Stone Soup version 0.21-a0-228-g14ccbf3 (webtiles) character file.

57 qqqbard the Skirmisher (level 4, -3/29 HPs)
             Began as a Gargoyle Fighter on Aug 31, 2017.
             Slain by a gnoll
             ... wielding a +0 halberd
              (7 damage)
             ... on level 2 of the Dungeon.
             The game lasted 00:02:04 (1404 turns).

qqqbard the Skirmisher (Gargoyle Fighter)           Turns: 1404, Time: 00:02:05

Health: -3/29      AC: 11    Str: 19    XL:     4   Next: 0%
Magic:  4/4        EV:  7    Int:  9    God:
Gold:   64         SH:  9    Dex: 10    Spells: 3/3 levels left

rFire    . . .     SeeInvis .   a - +0 flail
rCold    . . .     Gourm    .   c - +0 shield
rNeg     + . .     Faith    .   b - +0 scale mail
rPois    ∞         Spirit   .   (no helmet)
rElec    +         Reflect  .   (no cloak)
rCorr    .         Harm     .   e - +0 pair of gloves
MR       .....                  (no boots)
Stlth    ..........             (no amulet)
HPRegen  0.09/turn              (no ring)
MPRegen  0.09/turn              (no ring)

@: no status effects
A: negative energy resistance 1, electricity resistance, unbreathing,
petrification resistance, rot immunity, AC +3
a: no special abilities


You were on level 2 of the Dungeon.
You were not hungry.

You visited 1 branch of the dungeon, and saw 2 of its levels.

You collected 64 gold pieces.

Inventory:

Hand Weapons
 a - a +0 flail (weapon)
Armour
 b - a +0 scale mail (worn)
 c - a +0 shield (worn)
 e - a +0 pair of gloves (worn)
Jewellery
 q - a +5 amulet of reflection {unknown}
Scrolls
 g - 3 scrolls of random uselessness {unknown}
 i - a scroll of noise {unknown}
 k - 2 scrolls of identify {unknown}
 n - a scroll of blinking {unknown}
 p - a scroll of enchant armour {unknown}
 r - a scroll of fear {unknown}
Potions
 d - 2 potions of might
 h - a potion of curing {unknown}
 l - a potion of heal wounds {unknown}
 m - a potion of haste {unknown}
Comestibles
 f - 2 bread rations
 j - 2 chunks of flesh
 o - a meat ration


   Skills:
 * Level 4.0 Fighting
 * Level 2.6 Maces & Flails
 + Level 3.5 Armour
 + Level 0.8 Dodging
 + Level 3.5 Shields


You had 3 spell levels left.
You didn't know any spells.

Dungeon Overview and Level Annotations

Branches:
Dungeon (2/15)

Altars:

Annotations:
D:2 1 runed door


Innate Abilities, Weirdness & Mutations

You are resistant to torment.
Your stone body is resilient. (AC +3)
You are immune to poison.
You resist negative energy. (rN+)
You are resistant to electric shocks. (rElec)
You can survive without breathing.
You are immune to petrification.
You are immune to rotting.


Message History

You hit the gnoll but do no damage. The gnoll barely misses you.
You thump the gnoll!
The gnoll is severely wounded.
The gnoll barely misses you.
You closely miss the gnoll.
The gnoll is severely wounded.
You block the gnoll's attack.
You hit the gnoll.
You kill the gnoll!
You have reached level 4!
You feel clever.
Some of the chunks of flesh in your inventory have rotted away.
You closely miss the goblin. You block the goblin's attack.
The goblin hits you but does no damage.
You closely miss the goblin. The goblin hits you but does no damage.
The gnoll hits you from afar with a halberd!
* * * LOW HITPOINT WARNING * * *
You closely miss the goblin. You block the goblin's attack.
The gnoll hits you from afar with a halberd!
You die...

>#######.######.#
#...........# .# #.#
#.#.>.......####.#
.# #.# #.#.####...##
#.# ## #.# #.#.##
#...#####.# #.#
#.#.. ...........##
#.#
##.#.####...####....
#.# #....#####.#
#.### #..#.......
#.# # #.g@.......
#.# # #g##..####.
#.# # #.##..#
#.#####.### #.##..#
#.#.......#
#g##..####.#.......#
#.##...............#
#.###..............#
#..)g.####.#.......#
#####......#.......#


You could see a gnoll and a goblin.

Vanquished Creatures
  A gnoll (D:2)
  An adder (D:2)
  A worm (D:1)
  A dart slug (D:2)
  A leopard gecko (D:2)
  5 bats
  2 giant cockroaches
  4 goblins
  A hobgoblin (D:1)
  6 jackals
  3 kobolds (D:1)
  3 frilled lizards (D:1)
  A rat (D:1)
30 creatures vanquished.

Notes
Turn   | Place    | Note
-------+----------+-------------------------------------------
     0 | D:1      | qqqbard the Gargoyle Fighter began the quest for the Orb.
     0 | D:1      | Reached XP level 1. HP: 14/14 MP: 1/1
   139 | D:1      | Reached XP level 2. HP: 4/19 MP: 2/2
   940 | D:1      | Reached XP level 3. HP: 24/24 MP: 3/3
  1215 | D:2      | Found a runed door.
  1278 | D:2      | Reached skill level 4 in Fighting
  1393 | D:2      | Reached XP level 4. HP: 13/29 MP: 4/4
  1404 | D:2      | Slain by a gnoll

Vault maps used:
D:1:      dpeg_arrival_brainrot, minivault_27
D:2:      first_bread, uniq_crazy_yiuf_cottage

Skill      XL: |  1  2  3 |
---------------+----------+-----
Fighting       | 4 |  4.0
Maces & Flails | |  2.6
Armour         | |  3.5
Dodging        | |  0.8
Shields        | |  3.5

Action                   |  1- 3 |  4- 6 || total
-------------------------+-------+-------++-------
Melee: Flail             |   147 |     3 ||   150
  Use: Potion            |     1 |       ||     1
  Eat: Chunk             |     2 |       ||     2
Armor: Scale mail        |   108 |     1 ||   109
Dodge: Dodged            |    60 |       ||    60
Block: Shield            |   121 |     2 ||   123

Table legend:
 A = Spawn XP
 B = Non-spawn XP
 C = Spawn XP percentage of total XP
 D = Spawn monster count
 E = Non-spawn monster count
 F = Spawn count percentage of total count
 G = Total turns spent on level
                    A         B        C        D         E        F      G
               +---------+---------+-------+---------+---------+-------+---------
         Total |       3 |      79 |   3.7 |       3 |      27 |  10.0 |  1404
               +---------+---------+-------+---------+---------+-------+---------
           D:1 |       3 |      32 |   8.6 |       3 |      16 |  15.8 |  1112
           D:2 |       0 |      47 |   0.0 |       0 |      11 |   0.0 |   292
               +---------+---------+-------+---------+---------+-------+---------
